[Event "Titled Tuesday Blitz July 20 2021"]
[White "Zubov, Alexander"]
[Black "Tin, Jingyao"]
[WhiteFideId "14109409"]
[BlackFideId "5804418"]
[WhiteElo "2740"]
[BlackElo "2374"]
[Result "1-0"]
[Round "07"]
[TimeControl "180+1"]
[Date "2021.07.20"]
[WhiteClock "0:00:33"]
[BlackClock "0:00:02"]

1. d4 Nf6 2. c4 e6 3. Nf3 d5 4. Nc3 c6 5. e3 Nbd7 6. Qc2 Bd6 7. b3 O-O 8. Be2 e5 9. cxd5 cxd5 10. Nb5 Bb8 11. dxe5 Nxe5 12. Bb2 Nxf3+ 13. gxf3 Bd7 14. Rg1 Re8 15. Rd1 Bxh2 16. Rg5 h6 17. Rg2 Be5 18. Bxe5 Rxe5 19. Qc3 Qe7 20. Nd4 Rc8 21. Qa5 Qc5 22. Qxc5 Rxc5 23. Kd2 Re8 24. Rh1 Kf8 25. b4 Rc7 26. Bd3 Ra8 27. Bc2 a5 28. bxa5 Rxa5 29. Bb3 Rac5 30. Rb1 Be6 31. Bc2 Bd7 32. Rgg1 g6 33. Rb2 h5 34. Rgb1 Bc8 35. Nb5 Rd7 36. Bd3 Rd8 37. Na7 Ra5 38. Nb5 h4 39. Nd4 h3 40. Rh1 Rd6 41. Bf1 Ra7 42. Rc2 Bd7 43. Bxh3 Rda6 44. Bxd7 Nxd7 45. Ra1 Ra5 46. Nb3 Ra3 47. Nd4 R7a5 48. Rb2 Ne5 49. Ke2 Nc4 50. Rc2 Ke7 51. f4 Kd6 52. Kf3 b6 53. Kg4 Ke7 54. Kg5 R3a4 55. Nc6+ Kd6 56. Nxa5 Rxa5 57. Rd1 Kc5 58. Kf6 Ra7 59. Rh1 b5 60. Rh8 Kb4 61. Rd8 Ra6+ 62. Kxf7 Nd6+ 63. Kf8 Ne4 64. Rxd5 Nf6 65. Rd4+ Ka3 66. Kf7 b4 67. Rd3+ Ka4 68. Rb2 Ne4 69. Rd4 Rb6 70. Rxe4 1-0


[Site "https://www.chess.com"]

[Event "Titled Tuesday Blitz July 20 2021"]
[White "davigator"]
[Black "Golubev, Mikhail"]
[BlackFideId "14100983"]
[WhiteElo "2417"]
[BlackElo "2374"]
[Result "0-1"]
[Round "07"]
[TimeControl "180+1"]
[Date "2021.07.21"]
[WhiteClock "0:00:01"]
[BlackClock "0:00:03"]

1. e4 c5 2. Nf3 d6 3. d4 cxd4 4. Nxd4 Nf6 5. Nc3 Nc6 6. Bg5 e6 7. f3 a6 8. Qd2 Nxd4 9. Qxd4 Be7 10. O-O-O Qc7 11. h4 b5 12. a3 Bb7 13. Be2 Rc8 14. Rd2 h6 15. Be3 Nd7 16. Kb1 O-O 17. g4 Ne5 18. g5 h5 19. f4 Nc4 20. Bxc4 Qxc4 21. Re1 f5 22. exf5 Rxf5 23. Bg1 Qxd4 24. Rxd4 Kf7 25. Be3 Bf3 26. Rf1 Bg4 27. Rf2 d5 28. Rd3 Rc4 29. b3 Rc6 30. Kb2 g6 31. Ne2 Bf8 32. Nd4 Bg7 33. c3 Bxd4 34. Bxd4 Ke7 35. Be5 Kd7 36. Rfd2 Rf7 37. Rd4 Kc8 38. a4 bxa4 39. Rxa4 Bf5 40. Ka3 Rb7 41. Ra2 Rcb6 42. b4 Bd3 43. Kb2 Bb5 44. Ra5 Rc6 45. Ra1 Rc4 46. Bd4 Rf7 47. Re1 Kb7 48. Rxe6 Rxf4 49. Rxg6 Rxh4 50. Ra1 Rh2+ 51. Kb3 Rc7 52. Rh6 h4 53. g6 Rg2 54. g7 Bc4+ 55. Ka4 Rg4 56. Re1 Rf7 57. b5 axb5+ 58. Kb4 Rgxg7 59. Bxg7 Rxg7 60. Rxh4 Rc7 61. Re5 Bd3 62. Rd4 Bc4 63. Rh4 Rc6 64. Rh7+ Kb6 65. Rhe7 Rf6 66. R7e6+ Rxe6 67. Rxe6+ Kc7 68. Rh6 Kb7 69. Kc5 Ka7 70. Rh7+ Ka6 71. Rg7 Bb3 72. Rg6+ Ka5 73. Rg8 Ka6 74. Ra8+ Kb7 75. Rd8 Bc4 0-1


[Site "https://www.chess.com"]

[Event "Titled Tuesday Blitz July 20 2021"]
[White "volunteers1998"]
[Black "Bartel, Michal"]
[BlackFideId "1119257"]
[WhiteElo "2222"]
[BlackElo "2271"]
[Result "0-1"]
[Round "07"]
[TimeControl "180+1"]
[Date "2021.07.21"]
[WhiteClock "0:00:01"]
[BlackClock "0:00:26"]

1. e4 e5 2. Nf3 Nc6 3. Bc4 Nf6 4. Ng5 d5 5. exd5 Na5 6. Bb5+ c6 7. dxc6 bxc6 8. Bd3 h6 9. Ne4 Nd5 10. O-O g6 11. Nbc3 Bg7 12. Be2 f5 13. Nc5 Qd6 14. Nb3 Nb7 15. d3 O-O 16. Bd2 Bd7 17. Re1 Rae8 18. Bf3 Kh7 19. Qe2 a5 20. a4 Nb4 21. Rac1 Be6 22. Be3 Bxb3 23. cxb3 Nxd3 24. Red1 Nxc1 25. Bxc1 Qc7 26. Qc4 e4 27. Be2 Rd8 28. g3 Rxd1+ 29. Bxd1 Rd8 30. Bf4 Qd7 31. Be2 g5 32. Be3 Be5 33. Bb6 Ra8 34. Bf1 Bc7 35. Bxc7 Qxc7 36. Nd5 Qf7 37. Qxc6 Rf8 38. Bc4 Nd8 39. Qc5 Qg7 40. Qxa5 f4 41. Qc7 Qxc7 42. Nxc7 e3 43. gxf4 gxf4 44. fxe3 fxe3 0-1


[Site "https://www.chess.com"]

[Event "Titled Tuesday Blitz July 20 2021"]
[White "Al-Tarboush, Ward"]
[Black "Woodward, Andy"]
[WhiteFideId "7601450"]
[BlackFideId "30953499"]
[WhiteElo "2319"]
[BlackElo "2137"]
[Result "0-1"]
[Round "08"]
[TimeControl "180+1"]
[Date "2021.07.21"]
[WhiteClock "0:00:02"]
[BlackClock "0:00:07"]

1. e4 c5 2. Nf3 d6 3. d4 cxd4 4. Nxd4 Nf6 5. Nc3 a6 6. h3 g6 7. Be3 Bg7 8. g4 O-O 9. Bg2 Nc6 10. O-O Nxd4 11. Bxd4 b5 12. e5 dxe5 13. Bxe5 Ra7 14. Qe2 Bb7 15. Rfd1 Qc8 16. Bd4 Bxg2 17. Bxa7 Bxh3 18. f3 h5 19. g5 Nh7 20. Nd5 Qa8 21. Be3 e6 22. Nf4 Bf5 23. Nd3 h4 24. Kf2 Qb8 25. f4 Rc8 26. Rh1 h3 27. Rad1 Qb7 28. Rdg1 Rd8 29. Rh2 Qc7 30. Nc5 e5 31. Rd1 Rxd1 32. Qxd1 exf4 33. Bd4 Bxd4+ 34. Qxd4 Nxg5 35. b4 Kh7 36. Rh1 Qc6 37. Rg1 Qf3+ 38. Ke1 h2 39. Rf1 Qxf1+ 40. Kxf1 h1=Q+ 41. Qg1 Bh3+ 42. Kf2 Qf3+ 43. Ke1 Bg4 44. Kd2 Qd5+ 45. Kc1 Qxa2 46. Qxg4 Qa1+ 47. Kd2 Qd4+ 48. Nd3 Ne4+ 49. Kc1 Qa1# 0-1


[Site "https://www.chess.com"]

[Event "Titled Tuesday Blitz July 20 2021"]
[White "Arabidze, Meri"]
[Black "Jovic, Stanoje"]
[WhiteFideId "13604040"]
[BlackFideId "905020"]
[WhiteElo "2432"]
[BlackElo "2286"]
[Result "1-0"]
[Round "08"]
[TimeControl "180+1"]
[Date "2021.07.21"]
[WhiteClock "0:00:57"]
[BlackClock "0:00:18"]

1. Nf3 Nf6 2. g3 b5 3. Bg2 Bb7 4. O-O e6 5. c3 Be7 6. a4 a6 7. Qb3 O-O 8. axb5 axb5 9. Rxa8 Bxa8 10. Qxb5 c5 11. d3 d5 12. Na3 Nc6 13. Bf4 Nh5 14. Be3 Qd6 15. Ra1 Rb8 16. Qa6 Qd8 17. Nb5 Bb7 18. Qa2 d4 19. cxd4 cxd4 20. Nbxd4 Nb4 21. Qa5 Ra8 22. Qxd8+ Rxd8 23. Ra7 Bd5 24. Rxe7 Rc8 25. Ne5 Nf6 26. Bxd5 Nfxd5 27. Rxf7 Nxe3 28. fxe3 Rc5 29. Rf8+ 1-0


[Site "https://www.chess.com"]

[Event "Titled Tuesday Blitz July 20 2021"]
[White "Aradhya, Garg"]
[Black "Ahmadzada, Ahmad"]
[WhiteFideId "25006746"]
[BlackFideId "13413007"]
[WhiteElo "2146"]
[BlackElo "2226"]
[Result "0-1"]
[Round "08"]
[TimeControl "180+1"]
[Date "2021.07.20"]
[WhiteClock "0:00:06"]
[BlackClock "0:00:07"]

1. d4 Nf6 2. c4 Nc6 3. Nf3 e6 4. Nc3 Bb4 5. Qc2 O-O 6. e3 d6 7. Bd2 e5 8. dxe5 Nxe5 9. Be2 Bg4 10. Nxe5 dxe5 11. f3 Be6 12. O-O-O c6 13. g4 Qb6 14. h4 Rfd8 15. g5 Nh5 16. Rhg1 g6 17. Kb1 Bf5 18. e4 Be6 19. a3 Be7 20. Ka1 Nf4 21. Bxf4 exf4 22. e5 Bf5 23. Qc1 Qa5 24. Rxd8+ Rxd8 25. Rd1 Rxd1 26. Bxd1 Qxe5 27. Qd2 Kg7 28. Ne2 Bxa3 29. Ka2 Bd6 30. Nd4 Bc8 31. Bb3 a6 32. Ne2 Be6 33. Nc3 Be7 34. Ne4 h6 35. Kb1 hxg5 36. hxg5 Bxg5 37. Qb4 Bf5 38. Bc2 Qe7 39. Qc3+ Bf6 40. Nxf6 Qxf6 41. Qb4 Be6 42. Qxb7 Bxc4 43. Be4 c5 44. Qc7 Qd4 45. Kc1 Qe3+ 46. Kb1 Qe1+ 47. Kc2 Qf2+ 48. Kc3 Qd4+ 49. Kc2 Bd5 50. Qxf4 Bxe4+ 51. fxe4 Qf6 52. Qe3 Qe5 53. Kd3 f5 54. exf5 Qxe3+ 55. Kxe3 gxf5 0-1


[Site "https://www.chess.com"]

[Event "Titled Tuesday Blitz July 20 2021"]
[White "Arkell, Keith C"]
[Black "Sliwicki, Damian"]
[WhiteFideId "400270"]
[BlackFideId "1127128"]
[WhiteElo "2398"]
[BlackElo "2149"]
[Result "1/2-1/2"]
[Round "08"]
[TimeControl "180+1"]
[Date "2021.07.21"]
[WhiteClock "0:00:39"]
[BlackClock "0:00:09"]

1. d4 d5 2. Nf3 e6 3. c4 dxc4 4. e3 a6 5. a4 Bb4+ 6. Bd2 Qe7 7. Bxc4 Nf6 8. O-O O-O 9. Bxb4 Qxb4 10. Qb3 Nc6 11. Qxb4 Nxb4 12. a5 Bd7 13. Rc1 Rac8 14. Ne5 c5 15. Nxd7 Nxd7 16. Ra4 b5 17. axb6 Nxb6 18. Ra1 cxd4 19. Na3 d3 20. b3 Rfd8 21. Rd1 Nc2 22. Ra2 Nxa3 23. Rxa3 Nxc4 24. bxc4 Rxc4 25. Rxa6 Kf8 26. Ra3 d2 27. Kf1 Ke7 28. Ke2 Rc2 29. Ra7+ Kf6 30. g4 Rc1 31. h4 Rxd1 32. Kxd1 Rd5 33. h5 h6 34. Rb7 Rd3 35. Rb5 Rd6 36. Ra5 Rd7 37. Rb5 Ke7 38. Rb2 Kf6 39. Rb5 Rd5 40. Rxd5 exd5 41. f4 g6 42. hxg6 fxg6 43. Kxd2 h5 44. gxh5 gxh5 45. Ke2 Kf5 46. Kf3 h4 47. Kg2 Ke4 48. Kh3 Kxe3 49. f5 d4 50. f6 d3 51. f7 d2 52. f8=Q d1=Q 53. Qe7+ Kd2 54. Qd6+ Ke1 55. Qxd1+ Kxd1 56. Kxh4 1/2-1/2


[Site "https://www.chess.com"]

[Event "Titled Tuesday Blitz July 20 2021"]
[White "Bartel, Michal"]
[Black "Bartel, Mateusz"]
[WhiteFideId "1119257"]
[BlackFideId "1112635"]
[WhiteElo "2271"]
[BlackElo "2586"]
[Result "1-0"]
[Round "08"]
[TimeControl "180+1"]
[Date "2021.07.20"]
[WhiteClock "0:00:21"]
[BlackClock "0:00:15"]

1. e4 c6 2. Nc3 d5 3. Nf3 Bg4 4. h3 Bxf3 5. Qxf3 e6 6. g4 Nd7 7. Bg2 Bd6 8. Qe2 Ne7 9. d4 Qb6 10. e5 Bb4 11. Be3 c5 12. dxc5 Bxc5 13. Bxc5 Nxc5 14. Qb5+ Qxb5 15. Nxb5 Ng6 16. Nc7+ Kd7 17. Nxa8 Nxe5 18. O-O-O Kd6 19. f4 Ng6 20. f5 Nf4 21. Bf3 Rxa8 22. c4 Ncd3+ 23. Kc2 Nf2 24. cxd5 Nxd1 25. Rxd1 Nxd5 26. fxe6 fxe6 27. Be4 h6 28. Bxd5 exd5 29. Rf1 Re8 30. Kd3 Re7 31. Rf8 Rc7 32. Rd8+ Ke5 33. Rf8 g6 34. Rh8 Kf6 35. Rxh6 Kg5 36. Rh8 Rd7 37. Kd4 Kf4 38. Rg8 Rd6 39. Rg7 Kg3 40. Rxb7 Kxh3 41. Rxa7 Kxg4 42. b4 g5 43. b5 Kf3 44. a4 g4 45. Rf7+ Kg2 46. a5 g3 47. b6 1-0


[Site "https://www.chess.com"]

[Event "Titled Tuesday Blitz July 20 2021"]
[White "Baskin, Robert"]
[Black "Locci, Damiano"]
[WhiteFideId "24662402"]
[BlackFideId "819751"]
[WhiteElo "2462"]
[BlackElo "2445"]
[Result "1-0"]
[Round "08"]
[TimeControl "180+1"]
[Date "2021.07.21"]
[WhiteClock "0:02:13"]
[BlackClock "0:00:40"]

1. e4 c5 2. Nf3 Nf6 3. Nc3 d5 4. exd5 Nxd5 5. Bb5+ Bd7 6. Ne5 Bxb5 7. Qf3 f6 8. Nxb5 fxe5 9. Qxd5 Qxd5 10. Nc7+ Kd7 11. Nxd5 Nc6 12. b3 g6 13. Bb2 Nd4 14. O-O-O Bh6 15. Rhe1 Rhf8 16. f3 Rf5 17. Ne3 Rh5 18. Ng4 Bf4 19. g3 Nxf3 20. Rf1 Nxd2 21. gxf4 1-0


[Site "https://www.chess.com"]

[Event "Titled Tuesday Blitz July 20 2021"]
[White "Begunov, Konstantin"]
[Black "Czerw, Dawid"]
[WhiteFideId "4118510"]
[BlackFideId "1145746"]
[WhiteElo "2262"]
[BlackElo "2075"]
[Result "1/2-1/2"]
[Round "08"]
[TimeControl "180+1"]
[Date "2021.07.21"]
[WhiteClock "0:00:06"]
[BlackClock "0:00:10"]

1. d4 Nf6 2. c4 e6 3. Nf3 d5 4. Nc3 c6 5. cxd5 exd5 6. Qc2 Be7 7. Bg5 O-O 8. e3 Nbd7 9. Bd3 Re8 10. O-O Nf8 11. Rab1 a5 12. a3 h6 13. Bh4 Ne4 14. Bxe4 Bxh4 15. Bf5 g6 16. Bxc8 Rxc8 17. b4 axb4 18. axb4 Bf6 19. Qb3 b5 20. Ra1 Nd7 21. Ra6 Nb6 22. Rfa1 Nc4 23. Ne2 g5 24. g4 Qd7 25. h3 h5 26. Nh2 Re4 27. Ng3 hxg4 28. Nxe4 dxe4 29. Ra7 Qf5 30. hxg4 Qe6 31. Ra8 Kg7 32. Qc2 Rxa8 33. Rxa8 Be7 34. Qc3 f6 35. Ra7 Kg6 36. Kg2 Bd6 37. d5 cxd5 38. Ra6 Qd7 39. Qd4 Be5 40. Qc5 Bxh2 41. Kxh2 Qxg4 42. Qf8 Qh5+ 43. Kg2 Qg4+ 44. Kh2 Qh4+ 45. Kg2 Qg4+ 46. Kh2 1/2-1/2


[Site "https://www.chess.com"]

[Event "Titled Tuesday Blitz July 20 2021"]
[White "Bortnyk, Olexandr"]
[Black "Nakamura, Hikaru"]
[WhiteFideId "14120828"]
[BlackFideId "2016192"]
[WhiteElo "2723"]
[BlackElo "2900"]
[Result "0-1"]
[Round "08"]
[TimeControl "180+1"]
[Date "2021.07.20"]
[WhiteClock "0:00:01"]
[BlackClock "0:00:09"]

1. e4 c5 2. c3 d5 3. exd5 Qxd5 4. d4 Nf6 5. Be3 cxd4 6. cxd4 e6 7. Nc3 Qd8 8. Nf3 Nc6 9. Bd3 Be7 10. O-O O-O 11. a3 b6 12. Qe2 Bb7 13. Rac1 Rc8 14. Rfd1 Qc7 15. Bg5 Qb8 16. Ne4 Nd5 17. Bxe7 Ncxe7 18. Ne5 Rxc1 19. Rxc1 Nf5 20. Qg4 Rc8 21. Re1 Rc7 22. Ng5 Nf6 23. Qh3 Qc8 24. Ng4 h6 25. Nxf6+ gxf6 26. Bxf5 Rc1 27. Qe3 Rxe1+ 28. Qxe1 hxg5 29. Bd3 Qc6 30. Bf1 Qc2 31. Qc3 Qd1 32. Qd3 Qc1 33. b4 a5 34. bxa5 bxa5 35. f3 a4 36. Kf2 Bd5 37. Be2 Qb2 38. h3 Bb3 39. Kg3 Qxa3 40. Qa6 Qb4 0-1


[Site "https://www.chess.com"]

[Event "Titled Tuesday Blitz July 20 2021"]
[White "Bryakin, Mikhail"]
[Black "Kubatko, Ivan"]
[WhiteFideId "4165314"]
[BlackFideId "24111473"]
[WhiteElo "2403"]
[BlackElo "2285"]
[Result "1-0"]
[Round "08"]
[TimeControl "180+1"]
[Date "2021.07.21"]
[WhiteClock "0:01:49"]
[BlackClock "0:00:01"]

1. e4 d5 2. exd5 Qxd5 3. d4 e5 4. Nc3 Bb4 5. Nf3 Bg4 6. dxe5 Qxd1+ 7. Kxd1 Nc6 8. Bf4 O-O-O 9. Kc1 Bxc3 10. bxc3 Nge7 11. Bc4 Bxf3 12. gxf3 Ng6 13. Bg5 Rdf8 14. e6 fxe6 15. Bxe6+ Kb8 16. Be3 Rxf3 17. Rb1 Rf6 18. Bd5 Rd8 19. c4 Nge7 20. Be4 b6 21. Rg1 g6 22. c5 Re6 23. Bh1 Nd5 24. cxb6 axb6 25. Bg5 Rd7 26. Rd1 Red6 27. Rb3 Nde7 28. Rxd6 Rxd6 29. Bf4 Re6 30. Rxb6+ Kc8 31. Rb1 Re1+ 32. Kb2 Re2 33. Be3 Ne5 34. Kc3 Nf5 35. Bb7+ Kd7 36. Ba6 1-0


[Site "https://www.chess.com"]

[Event "Titled Tuesday Blitz July 20 2021"]
[White "Buchenau, Frank"]
[Black "Remizov, Yaroslav"]
[WhiteFideId "4604350"]
[BlackFideId "34134015"]
[WhiteElo "2255"]
[BlackElo "2335"]
[Result "1-0"]
[Round "08"]
[TimeControl "180+1"]
[Date "2021.07.21"]
[WhiteClock "0:00:26"]
[BlackClock "0:00:02"]

1. e4 c5 2. Nf3 d6 3. Bb5+ Nd7 4. O-O a6 5. Bd3 e6 6. Re1 Ngf6 7. c3 b5 8. Bc2 c4 9. b4 cxb3 10. axb3 Bb7 11. d4 Be7 12. Bf4 O-O 13. Nbd2 Rc8 14. c4 e5 15. Bg5 h6 16. Bh4 Qb6 17. c5 Qc7 18. cxd6 Bxd6 19. dxe5 Nxe5 20. Bxf6 Ng4 21. Bxg7 Bxh2+ 22. Nxh2 Qxh2+ 23. Kf1 Qh1+ 24. Ke2 Qh4 25. Bd4 Rfd8 26. Nf3 Qh5 27. Rh1 Qg6 28. Kf1 Bxe4 29. Bxe4 Qxe4 30. Rh4 f5 31. b4 Rc2 32. Rc1 Rxf2+ 33. Kg1 Rxg2+ 34. Kxg2 Ne3+ 35. Bxe3 Rxd1 36. Rxe4 Rxc1 37. Re8+ Kf7 38. Bxc1 Kxe8 39. Bxh6 Kd7 40. Kg3 Kd6 41. Kf4 a5 42. bxa5 b4 43. Bf8+ Kc6 44. Bxb4 Kb5 45. Bd2 1-0


[Site "https://www.chess.com"]

[Event "Titled Tuesday Blitz July 20 2021"]
[White "Bugayev, Vladimir"]
[Black "Arnold, Ken"]
[WhiteFideId "30901480"]
[BlackFideId "2056836"]
[WhiteElo "2270"]
[BlackElo "2445"]
[Result "0-1"]
[Round "08"]
[TimeControl "180+1"]
[Date "2021.07.21"]
[WhiteClock "0:00:01"]
[BlackClock "0:00:26"]

1. e4 c6 2. d4 d5 3. exd5 cxd5 4. Bd3 Nf6 5. c3 Nc6 6. Bf4 g6 7. Nf3 Bg7 8. O-O O-O 9. h3 Bf5 10. Be2 Qd7 11. Na3 Ne4 12. Nc2 Rac8 13. Ne3 a6 14. a4 Be6 15. Nd2 Nxd2 16. Qxd2 f6 17. Rfd1 Rfd8 18. c4 Bf7 19. cxd5 Bxd5 20. Nxd5 Qxd5 21. Be3 e5 22. Rac1 b5 23. axb5 axb5 24. Bf3 e4 25. Be2 f5 26. Rc5 Qxc5 27. dxc5 Rxd2 28. Rxd2 b4 29. Bc4+ Kf8 30. Be6 Rd8 31. b3 Ke7 32. Bg5+ Bf6 33. Bxf6+ Kxf6 34. Rxd8 Nxd8 35. Bc4 Ke5 36. Kf1 Kd4 37. Bg8 h6 38. Bh7 f4 39. Bxg6 e3 40. fxe3+ fxe3 41. Ke2 Nc6 42. Bf7 Ne5 43. Bg8 Kxc5 44. Kxe3 Nd7 0-1


[Site "https://www.chess.com"]

[Event "Titled Tuesday Blitz July 20 2021"]
[White "Buscar, Michael"]
[Black "Stribuk, Artiom"]
[WhiteFideId "2603616"]
[BlackFideId "13515659"]
[WhiteElo "2010"]
[BlackElo "2224"]
[Result "0-1"]
[Round "08"]
[TimeControl "180+1"]
[Date "2021.07.21"]
[WhiteClock "0:00:18"]
[BlackClock "0:01:17"]

1. d4 Nf6 2. c4 g6 3. Nc3 d5 4. Nf3 Bg7 5. e3 O-O 6. Qb3 e6 7. cxd5 exd5 8. Be2 b6 9. Ne5 Be6 10. O-O c5 11. f4 Nbd7 12. Ba6 Nxe5 13. fxe5 Ne4 14. Bb7 Rb8 15. Nxe4 dxe4 16. d5 Rxb7 17. dxe6 Bxe5 18. Qc4 Qd3 19. exf7+ Rbxf7 20. Qxd3 exd3 21. Rxf7 Rxf7 22. Rb1 c4 23. Bd2 b5 24. Bc3 Re7 25. Bxe5 Rxe5 26. Kf2 Kf7 27. Rd1 Ke6 28. Kf3 Kd5 29. Kf4 Rf5+ 30. Kg3 Ke4 31. Re1 Rc5 0-1


[Site "https://www.chess.com"]

[Event "Titled Tuesday Blitz July 20 2021"]
[White "Dardha, Daniel"]
[Black "Nefedov, Sergey"]
[WhiteFideId "240990"]
[BlackFideId "24113417"]
[WhiteElo "2489"]
[BlackElo "2385"]
[Result "1-0"]
[Round "08"]
[TimeControl "180+1"]
[Date "2021.07.20"]
[WhiteClock "0:01:45"]
[BlackClock "0:01:42"]

1. d4 Nf6 2. c4 e6 3. Nf3 d5 4. Nc3 c6 5. Bg5 dxc4 6. e4 b5 7. e5 h6 8. Bh4 g5 9. Nxg5 hxg5 10. Bxg5 Nbd7 11. g3 Bb7 12. Bg2 Qb6 13. exf6 O-O-O 14. O-O Ne5 15. dxe5 Rxd1 16. Rfxd1 c5 17. Ne4 Bd5 18. Be3 Qc6 19. f3 a5 20. Ng5 Qc7 21. f4 Qb7 22. Rxd5 exd5 23. Rd1 Bh6 24. Rxd5 Bxg5 25. Rxc5+ Qc7 26. fxg5 Re8 27. Rxc7+ Kxc7 28. g6 fxg6 29. f7 Rf8 30. e6 Kd6 31. Bh3 b4 32. Bh6 1-0


[Site "https://www.chess.com"]

[Event "Titled Tuesday Blitz July 20 2021"]
[White "Darini, Pouria"]
[Black "Taichman, Ori"]
[WhiteFideId "12502200"]
[BlackFideId "2804069"]
[WhiteElo "2489"]
[BlackElo "2227"]
[Result "0-1"]
[Round "08"]
[TimeControl "180+1"]
[Date "2021.07.21"]
[WhiteClock "0:00:04"]
[BlackClock "0:00:15"]

1. e4 c5 2. Nf3 Nc6 3. Bb5 d6 4. O-O Bd7 5. Re1 Nf6 6. c3 a6 7. Bf1 Bg4 8. d4 Bxf3 9. gxf3 e5 10. dxc5 dxc5 11. Qxd8+ Nxd8 12. a4 Ne6 13. Na3 Bd6 14. Nc4 Bc7 15. a5 Nh5 16. Ne3 Nhf4 17. Bc4 Ng5 18. Be2 O-O-O 19. Bd1 Nd3 20. Rf1 Nh3+ 21. Kg2 Nhf4+ 22. Kh1 Nxc1 23. Rxc1 Bxa5 24. Bb3 Rd2 25. Nc4 Rhd8 26. Nxa5 Rxb2 27. Bxf7 Nd3 28. Nc4 Re2 29. Rb1 Nxf2+ 30. Rxf2 Rxf2 31. Bd5 b5 32. Nxe5 Rc2 33. Nc6 Rf8 34. e5 Rxc3 35. e6 Re3 36. e7 Re8 37. Ra1 Kb7 38. Nd8+ Kb6 39. Nc6 R8xe7 40. Nxe7 Rxe7 41. Be4 c4 42. Kg2 b4 43. Kf2 Kb5 44. Ke3 Rd7 45. Bxh7 b3 46. Bf5 Rd6 47. Bh7 a5 48. Bg8 Kb4 49. Bxc4 Kxc4 50. Rxa5 b2 51. Ra4+ Kc3 52. Ra3+ Kc2 53. Ra2 Kc1 0-1


[Site "https://www.chess.com"]

[Event "Titled Tuesday Blitz July 20 2021"]
[White "Djokic, Mihailo"]
[Black "Mokshanov, Alexey"]
[WhiteFideId "976440"]
[BlackFideId "24121657"]
[WhiteElo "2018"]
[BlackElo "2262"]
[Result "0-1"]
[Round "08"]
[TimeControl "180+1"]
[Date "2021.07.21"]
[WhiteClock "0:00:17"]
[BlackClock "0:00:43"]

1. e4 e6 2. d4 d5 3. Nc3 Nf6 4. Bg5 Be7 5. e5 Nfd7 6. h4 Nc6 7. Qg4 f6 8. Qh5+ g6 9. exf6 gxh5 10. fxe7 Nxe7 11. Be2 O-O 12. Bxh5 Nf6 13. Bf3 Nf5 14. Nge2 Qe8 15. O-O-O c6 16. Rhe1 Qf7 17. g4 Nd6 18. Nf4 Nfe4 19. Nxe4 dxe4 20. Bxe4 e5 21. dxe5 Nxe4 22. Rxe4 Be6 23. Rd6 Rae8 24. Bf6 Bd5 25. Nxd5 cxd5 26. Rd4 Re6 27. R6xd5 Rxf6 28. exf6 Qxf6 29. Rg5+ Kh8 30. Rd2 Qa6 31. Rd3 Qxa2 32. Rd7 Qa1+ 33. Kd2 Rxf2+ 34. Kc3 Qe1+ 35. Kb3 Qe6+ 36. Rgd5 Rf7 37. Rd8+ Kg7 38. c4 a6 39. Rg5+ Kf6 40. Rdd5 Qb6+ 41. Ka2 h6 42. Rdf5+ Ke7 43. Re5+ Kd7 44. Rd5+ Kc7 45. Rge5 Qb4 46. Rc5+ Kb6 47. Rc8 Qa4+ 48. Kb1 Rf1+ 49. Re1 Rxe1# 0-1


[Site "https://www.chess.com"]

[Event "Titled Tuesday Blitz July 20 2021"]
[White "Dolzhykova, Kateryna"]
[Black "Pourkashiyan, Atousa"]
[WhiteFideId "14113414"]
[BlackFideId "12502014"]
[WhiteElo "2151"]
[BlackElo "2285"]
[Result "0-1"]
[Round "08"]
[TimeControl "180+1"]
[Date "2021.07.21"]
[WhiteClock "0:00:43"]
[BlackClock "0:01:01"]

1. e4 e5 2. Nf3 Nf6 3. Nxe5 d6 4. Nf3 Nxe4 5. d4 d5 6. Bd3 Nc6 7. O-O Be7 8. c4 Nb4 9. Nc3 Nxd3 10. Qxd3 Nxc3 11. bxc3 dxc4 12. Qxc4 O-O 13. Bf4 c6 14. Rfe1 Be6 15. Rxe6 fxe6 16. Qxe6+ Kh8 17. Be5 Bf6 18. Rb1 Qd5 19. Qxd5 cxd5 20. Rxb7 Bxe5 21. Nxe5 Rab8 22. Rxb8 Rxb8 23. g3 Rb2 24. a3 Ra2 25. c4 dxc4 26. Nxc4 Ra1+ 27. Kg2 Rd1 28. Nb2 Rxd4 29. Kf3 Rd2 30. Nc4 Rc2 31. Ne5 Rc3+ 32. Ke4 Rxa3 33. f4 a5 34. Nc4 Ra1 35. Kd3 a4 36. Kc2 Ra2+ 37. Kc3 Rxh2 38. Kb4 Rg2 39. Kxa4 Rxg3 40. Ka5 Rf3 41. Kb5 Rxf4 42. Ne3 Re4 43. Ng2 g5 44. Kc5 Re2 0-1


[Site "https://www.chess.com"]

[Event "Titled Tuesday Blitz July 20 2021"]
[White "Wagner, Dinara"]
[Black "Chen, Max"]
[WhiteFideId "24157570"]
[BlackFideId "2622440"]
[WhiteElo "2260"]
[BlackElo "2439"]
[Result "0-1"]
[Round "08"]
[TimeControl "180+1"]
[Date "2021.07.21"]
[WhiteClock "0:00:15"]
[BlackClock "0:00:12"]

1. d4 Nf6 2. c4 g6 3. Nf3 Bg7 4. g3 O-O 5. Bg2 d5 6. cxd5 Nxd5 7. O-O Nb6 8. e3 Nc6 9. Nc3 Re8 10. Nh4 e5 11. d5 Na5 12. Rb1 Nac4 13. b3 Nd6 14. e4 f5 15. Ba3 f4 16. Nf3 g5 17. h3 h5 18. Nh2 g4 19. hxg4 fxg3 20. fxg3 hxg4 21. Nxg4 Qg5 22. Nh2 Qe3+ 23. Kh1 Qxc3 24. Rc1 Qa5 25. Bc5 Bd7 26. Qh5 Rf8 27. Ng4 Rxf1+ 28. Rxf1 Rf8 29. Nh6+ Bxh6 30. Qxh6 Rxf1+ 31. Bxf1 Qxc5 32. Qg6+ Kf8 33. Qh6+ Ke7 34. Qg5+ Kf7 35. Be2 Nxe4 36. Bh5+ Kf8 37. Qh6+ Ke7 38. Qg7+ Kd6 39. Qf8+ Kxd5 40. Bf7+ Kc6 41. Qh6+ Qd6 42. Qc1+ Nc5 43. Qe3 Qd4 44. Qf3+ Qe4 45. Qxe4+ Nxe4 46. Kg2 Nd6 47. Bg6 a5 48. Bd3 Bf5 49. Be2 a4 50. g4 Bg6 51. g5 axb3 52. axb3 Kc5 53. Kf2 Kb4 54. Bd1 Nb5 55. Ke3 Nd4 56. Kd2 Nxb3+ 57. Ke2 Nd4+ 58. Kd2 c5 59. Ke3 Nd5+ 60. Kd2 c4 61. Kc1 c3 62. Bg4 Nb3+ 63. Kd1 c2+ 64. Ke2 c1=Q 65. Bf5 Qd2+ 66. Kf3 Qf4+ 67. Ke2 Nc3+ 68. Kd3 Qd4+ 69. Kc2 Qd2# 0-1


[Site "https://www.chess.com"]

[Event "Titled Tuesday Blitz July 20 2021"]
[White "Dzierzak, Radoslaw"]
[Black "Ovchinnikov, Vsevolod"]
[WhiteFideId "1161407"]
[BlackFideId "24176842"]
[WhiteElo "2019"]
[BlackElo "2376"]
[Result "1-0"]
[Round "08"]
[TimeControl "180+1"]
[Date "2021.07.21"]
[WhiteClock "0:00:19"]
[BlackClock "0:00:09"]

1. e4 g6 2. Nf3 Bg7 3. Bc4 d6 4. h3 Nf6 5. Nc3 O-O 6. Bb3 c5 7. O-O Nc6 8. a3 Nd4 9. Ba2 Bd7 10. Re1 Bc6 11. Nxd4 cxd4 12. Nd5 Nd7 13. Nb4 Ba4 14. b3 Bc6 15. Nxc6 bxc6 16. d3 a5 17. Bd2 e6 18. Qe2 Qb6 19. b4 axb4 20. axb4 Ra7 21. Bb3 Rfa8 22. Rxa7 Rxa7 23. Rb1 Qc7 24. Qe1 Bf8 25. Ra1 Qb8 26. Ra5 Rb7 27. Ba4 Qc7 28. Qa1 Bg7 29. Ra6 Rb6 30. Bb3 Rxa6 31. Qxa6 Bf8 32. Ba4 Nb6 33. Bb3 h5 34. b5 cxb5 35. Ba5 Qc8 36. Qxb6 Qa8 37. Qd8 Qxd8 38. Bxd8 Kg7 39. Kf1 e5 40. Bd5 f6 41. Ba5 Be7 42. Bc6 d5 43. exd5 Bd6 44. Bxb5 f5 45. Bc6 Kf6 46. Ke2 g5 47. c4 dxc3 48. Bxc3 f4 49. f3 Kf5 50. d4 e4 51. Bd7+ Kg6 52. fxe4 Bf8 53. Bf5+ Kh6 54. e5 g4 55. hxg4 hxg4 56. Bxg4 Kg5 57. Kf3 Bg7 58. Bd2 1-0


[Site "https://www.chess.com"]

[Event "Titled Tuesday Blitz July 20 2021"]
[White "FGHSMN"]
[Black "Tomaszewski, Kacper"]
[BlackFideId "1127373"]
[WhiteElo "2529"]
[BlackElo "2162"]
[Result "1-0"]
[Round "08"]
[TimeControl "180+1"]
[Date "2021.07.21"]
[WhiteClock "0:01:24"]
[BlackClock "0:01:18"]

1. e4 d6 2. d4 Nf6 3. Nc3 e5 4. Nf3 Nbd7 5. g4 g6 6. g5 Nh5 7. Bh3 exd4 8. Nxd4 Bg7 9. Bg4 Nc5 10. Bxh5 gxh5 11. Nf5 Bxc3+ 12. bxc3 Nxe4 13. Qd4 Bxf5 14. Qxh8+ Kd7 15. Qxd8+ Rxd8 16. c4 Re8 17. Be3 Nxg5 18. O-O-O Bg4 19. Bxg5 Bxd1 20. Rxd1 Re4 21. c5 Ra4 22. cxd6 cxd6 23. Kb2 Rb4+ 24. Ka3 Rb5 25. Bf4 d5 26. c4 Ra5+ 27. Kb3 Kc6 28. Rxd5 Rxd5 29. cxd5+ Kxd5 30. Be3 a6 31. f3 h4 32. h3 a5 33. Ka4 Kc4 34. Kxa5 Kd3 35. Bg5 Ke2 36. Kb6 Kxf3 37. Bxh4 Kg2 38. Kxb7 Kxh3 39. Bf6 Kg4 40. a4 h5 41. a5 h4 42. a6 h3 43. Be5 f6 44. Bb8 f5 45. a7 f4 46. a8=Q h2 47. Qa1 1-0


[Site "https://www.chess.com"]